 Dungeon Crawl Stone Soup version 0.18.1-48-g4cf74bf (webtiles) character file.

785 SoulRipperAdri the Covered (level 7, -7/61 HPs)
             Began as a Minotaur Berserker on July 29, 2016.
             Was a Priest of Trog.
             Mangled by an orc warrior
             ... wielding a +0 short sword
              (13 damage)
             ... on level 6 of the Dungeon on July 30, 2016.
             The game lasted 00:58:03 (5274 turns).

SoulRipperAdri the Covered (Minotaur Berserker)     Turns: 5274, Time: 00:58:04

Health: -7/61      AC: 10    Str: 23    XL:     7   Next: 56%
Magic:  6/6        EV: 10    Int:  5    God:    Trog [***...]
Gold:   325        SH:  0    Dex: 13    Spells: 0 memorised, 6 levels left

rFire  . . .     SeeInvis .     a - +0 hand axe
rCold  . . .     Gourm    .     e - +0 chain mail
rNeg   . . .     Faith    .     (no shield)
rPois  .         Spirit   .     (helmet restricted)
rElec  .         Dismiss  .     (no cloak)
rCorr  .         Reflect  .     (no gloves)
SustAt .         Harm     .     (no boots)
MR     .....                    (no amulet)
Stlth  ..........               (no ring)
                                d - +4 ring of dexterity

@: not resistant to hostile enchantments, extremely unstealthy
A: retaliatory headbutt, horns 2
a: Berserk, Trog's Hand, Burn Spellbooks, Renounce Religion


You were on level 6 of the Dungeon.
You worshipped Trog.
Trog was most pleased with you.
You were near starving.

You visited 1 branch of the dungeon, and saw 6 of its levels.

You collected 325 gold pieces.

Inventory:

Hand Weapons
 a - a +0 hand axe (weapon)
 n - a +0 hunting sling
 B - a +0 war axe
Missiles
 m - 95 stones
 p - 31 poisoned needles (quivered)
 C - a throwing net
 G - 2 curare-tipped needles
 I - 22 bolts
Armour
 b - a +0 animal skin
 e - a +0 chain mail (worn)
 f - a +0 leather armour
 g - a cursed +0 pair of gloves
 y - a +1 pair of boots
Jewellery
 d - a +4 ring of dexterity (left hand)
 q - a +1 ring of evasion {unknown}
 M - a +3 ring of protection {unknown}
Wands
 t - a wand of slowing (24/48)
Scrolls
 h - 5 scrolls of identify {unknown}
 j - 2 scrolls of noise {unknown}
 o - 3 scrolls of remove curse {unknown}
 r - a scroll of enchant weapon {unknown}
 w - a scroll of fear {unknown}
 z - 3 scrolls of teleportation {unknown}
 A - a scroll of recharging {unknown}
 E - 2 scrolls of random uselessness {unknown}
 L - a scroll of fog {unknown}
 P - a scroll of magic mapping {unknown}
 Q - a scroll of immolation {unknown}
Potions
 i - 2 potions of heal wounds {unknown}
 k - a potion of resistance {unknown}
 l - a potion of might {unknown}
 s - a potion of mutation {unknown}
 u - a potion of flight {unknown}
 v - 3 potions of agility {unknown}
 x - a potion of invisibility {unknown}
 D - a potion of haste
 F - 2 potions of curing {unknown}
 J - a potion of experience {unknown}
 K - 3 potions of lignification {unknown}
 R - a potion of cure mutation {unknown}
Books
 N - a book of Enchantments

   Spells                             Type                      Level
   a - Cause Fear                     Hexes                        4
   b - Yara's Violent Unravelling     Hexes/Transmutation          5
   c - Silence                        Hexes/Air                    5
   d - Deflect Missiles               Charms/Air                   6
   e - Haste                          Charms                       6
   f - Discord                        Hexes                        8
   Trog disapproves of the use of such an item.
 O - a book of Frost

   Spells                             Type                      Level
   a - Freeze                         Ice                          1
   b - Throw Frost                    Conjuration/Ice              2
   c - Ozocubu's Armour               Charms/Ice                   3
   d - Throw Icicle                   Conjuration/Ice              4
   e - Summon Ice Beast               Ice/Summoning                4
   Trog disapproves of the use of such an item.
Comestibles
 c - 3 bread rations
 H - 2 beef jerkies


   Skills:
 + Level 5.6 Fighting
 + Level 6.1 Axes
 + Level 6.6 Armour
 + Level 3.9 Dodging
 + Level 1.6 Stealth


You had 6 spell levels left.
You didn't know any spells.

Dungeon Overview and Level Annotations

Branches:
Dungeon (6/15)
 Temple: D:4-7

Altars:
Ashenzari
Okawaru
Qazlal
Trog
Xom
The Shining One

Shops:
D:4 (


Innate Abilities, Weirdness & Mutations

You reflexively headbutt those who attack you in melee.
You have a pair of horns on your head.


Message History

You see here 3 tomahawks.
You closely miss the orc warrior.
The orc warrior is lightly wounded.
The orc warrior hits you with a short sword.
* * * LOW HITPOINT WARNING * * *
You hit the orc warrior. Your headbutt misses the orc warrior.
The orc warrior is moderately wounded.
The orc warrior barely misses you.
You closely miss the orc warrior. You headbutt the orc warrior!
The orc warrior is heavily wounded.
The orc warrior hits you but does no damage.
You hit the orc warrior but do no damage.
You headbutt the orc warrior!
The orc warrior is almost dead.
The orc warrior hits you with a short sword.
* * * LOW HITPOINT WARNING * * *
You hit the orc warrior but do no damage.
The orc warrior is almost dead.
The orc warrior hits you with a short sword!
You die...

#.###.##.#
#........ ..
#...##### .#
#.(.....# .#
#..####.# .# #..#
#.####.# #..#
#....#.#
#..#######.#.#
#)@).....#...###.#
##o####.#........#
#.# #.######## #.#
#.# #.# #.#####
... #.†...# #.###
#.##### ##.
#######.#
...#.......#


You could see an orc warrior.

Vanquished Creatures
  2 ice beasts
  A black bear (D:4)
  A necrophage (D:6)
  A hound (D:5)
  A centaur skeleton (D:4)
  A giant frog skeleton (D:5)
  An orc wizard (D:5)
  Natasha (thrice) (D:3 D:4)
  3 worker ants (D:5)
  A hound zombie (D:5)
  7 adders
  3 oozes
  2 worms
  A dart slug (D:1)
  A giant gecko (D:5)
  6 orcs
  3 ball pythons
  3 giant cockroaches
  4 goblins
  6 hobgoblins
  3 jackals (D:2)
  5 kobolds
  4 quokkas
  7 bats
  4 giant newts
  4 rats
78 creatures vanquished.

Notes
Turn   | Place    | Note
--------------------------------------------------------------
     0 | D:1      | SoulRipperAdri the Minotaur Berserker began the quest for the Orb.
     0 | D:1      | Reached XP level 1. HP: 19/19 MP: 0/0
    18 | D:1      | Noticed an electric eel
   365 | D:1      | Reached XP level 2. HP: 27/27 MP: 1/1
   956 | D:1      | You fall through a shaft!
   956 | D:2      | Found an iron altar of Okawaru.
  1028 | D:2      | Reached XP level 3. HP: 28/33 MP: 2/2
  1029 | D:2      | Reached ** piety under Trog
  1584 | D:2      | Reached XP level 4. HP: 41/41 MP: 3/3
  1838 | D:2      | Found a bloodstained altar of Trog.
  2290 | D:3      | Noticed Natasha
  2293 | D:3      | Killed Natasha
  2373 | D:3      | Found a stormy altar of Qazlal.
  2533 | D:3      | Reached skill level 5 in Axes
  2567 | D:3      | Reached XP level 5. HP: 47/47 MP: 4/4
  2752 | D:3      | Reached *** piety under Trog
  3093 | D:4      | Noticed Natasha
  3098 | D:4      | Killed Natasha
  3353 | D:4      | Noticed Natasha
  3363 | D:4      | Killed Natasha
  3376 | D:4      | Reached skill level 5 in Fighting
  3389 | D:4      | Noticed a black bear
  3397 | D:4      | Killed a black bear
  3397 | D:4      | Reached skill level 1 in Stealth
  3397 | D:4      | Reached XP level 6. HP: 24/56 MP: 5/5
  3482 | D:4      | Found Kirask's Antique Weapon Shoppe.
  3496 | D:4      | Found a shimmering altar of Xom.
  4023 | D:5      | Entered Level 5 of the Dungeon
  4060 | D:5      | Noticed an ice beast
  4078 | D:5      | Killed an ice beast
  4078 | D:5      | Reached skill level 5 in Armour
  4409 | D:5      | Found a bloodstained altar of Trog.
  4523 | D:5      | Found a shattered altar of Ashenzari.
  4530 | D:5      | Reached XP level 7. HP: 60/61 MP: 6/6
  4943 | D:6      | Found a glowing golden altar of the Shining One.
  5274 | D:6      | Mangled by an orc warrior

Skill      XL: |  1  2  3  4  5  6  7 |
---------------+----------------------+-----
Axes           | 4 5 6 |  6.1
Fighting       | 4 5 |  5.6
Armour         | 3 4 5 6 |  6.6
Dodging        | 3 |  3.9
Stealth        | 1 |  1.6

Action                   |  1- 3 |  4- 6 |  7- 9 || total
-------------------------+-------+-------+-------++-------
Melee: Hand axe          |    82 |   108 |    39 ||   229
       Headbutt          |    16 |    26 |    15 ||    57
  Use: Scroll            |     1 |       |       ||     1
  Eat: Fruit             |     1 |     1 |       ||     2
       Meat ration       |       |     2 |       ||     2
Armor: Chain mail        |    47 |    78 |    22 ||   147
Dodge: Dodged            |    44 |    54 |    15 ||   113
